 Dungeon Crawl Stone Soup version 0.30-a0-760-g5a9884bb7c (webtiles) character file.

Game seed: 10406896924629753026

48 mopl the Sneak (level 3, 0/18 HPs)
             Began as a Vine Stalker Brigand on Feb 10, 2023.
             Slain by a hound (3 damage)
             ... on level 4 of the Dungeon.
             The game lasted 00:01:40 (992 turns).

mopl the Sneak (Vine Stalker Brigand)                Turns: 992, Time: 00:01:41

Health: 0/18       AC:  3    Str: 19    XL:     3   Next: 72%
Magic:  0/4        EV: 11    Int: 11    God:
Gold:   108        SH:  0    Dex: 17    Spells: 0/2 levels left

rFire   . . .      SeeInvis .    a - +2 dagger
rCold   . . .      Faith    .    (no shield)
rNeg    . . .      Spirit   +    b - +0 robe
rPois   +          Reflect  .    (no helmet)
rElec   .          Harm     .    c - +0 cloak
rCorr   .          Rampage  .    (no gloves)
Will    .....                    (no boots)
Stlth   +++                      (no amulet)
HPRegen 0.23/turn                f - +6 ring of strength
MPRegen 0.09/turn                h - ring of poison resistance

@: no status effects
A: fangs 2, magic shield, antimagic bite, no potion heal 2
a: no special abilities


You were on level 4 of the Dungeon.
You visited 1 branch of the dungeon, and saw 3 of its levels.

You collected 108 gold pieces.

Inventory:

Hand Weapons
 a - a +2 dagger (weapon)
Missiles
 d - 9 poisoned darts (quivered)
 e - 3 curare-tipped darts
Armour
 b - a +0 robe (worn)
 c - a +0 cloak (worn)
Jewellery
 f - a +6 ring of strength (left hand)
 h - a ring of poison resistance (right hand)
Scrolls
 l - a scroll of magic mapping {unknown}
Potions
 g - 4 potions of might {unknown}
 i - 2 potions of mutation {unknown}
 j - a potion of lignification {unknown}
 k - a potion of heal wounds {unknown}


   Skills:
 + Level 2.2 Fighting
 + Level 2.2 Short Blades
 + Level 2.3 Throwing
 - Level 0.7 Dodging
 + Level 5.2 Stealth
 + Level 0.3 Spellcasting
 + Level 0.4 Translocations


You couldn't memorise any spells.
You knew the following spells:

 Your Spells              Type           Power      Damage    Failure   Level
e - Blink                 Tloc           2%         N/A       41%         2

Your spell library contained the following spells:

 Spells                   Type           Power      Damage    Failure   Level
 Magic Dart               Conj           0%         1d3       34%         1
 Lesser Beckoning         Tloc           2%         N/A       41%         2
 Momentum Strike          Conj/Tloc      0%         3d8       43%         2
 Call Imp                 Summ           0%         N/A       47%         2
 Sublimation of Blood     Necr           0%         N/A       47%         2
 Mephitic Cloud           Conj/Pois/Air  0%         N/A       71%         3
 Petrify                  Tmut/Erth      0%         N/A       98%         4
 Irradiate                Conj/Tmut      0%         3d11      100%        5


Dungeon Overview and Level Annotations

Branches:
Dungeon (2/15)

Altars:


Innate Abilities, Weirdness & Mutations

You have extremely sharp teeth.
When hurt, damage is shared between your health and your magic reserves.
Your bite disrupts and absorbs the magic of your enemies.
Potions cannot restore your health.


Message History

A kobold comes into view. It is wielding a +0 short sword.
You see here a scroll labelled ELENAE RUDICVAIGH.
Found 16 gold pieces.
The helpless kobold fails to defend itself.
You impale the kobold!!
You kill the kobold!
No target in view!
No target in view!
l - a scroll labelled ELENAE RUDICVAIGH
Things that are here:
a +0 short sword; a kobold corpse You now have 108 gold pieces (gained 16).
A hound comes into view.
A hound is nearby!
You hit the hound.
The hound is lightly wounded.
The hound misses you.
You barely miss the hound.
The hound is lightly wounded.
The hound bites you.
You barely miss the hound. You bite the hound. You drain its power.
The hound is lightly wounded.
The hound misses you. x2
You hit the hound.
The hound is moderately wounded.
The hound bites you.
You hit the hound but do no damage. Your bite misses the hound.
The hound is moderately wounded.
The hound bites you.
You hit the hound but do no damage.
The hound is moderately wounded.
The hound bites you. x2
* * * LOW HITPOINT WARNING * * *
You are too injured to fight recklessly!
You are too injured to fight recklessly!
You are too injured to fight recklessly!
You hit the hound but do no damage.
The hound is moderately wounded.
The hound bites you.
You die...

########## ######
#.@h...... #.. ..
#.############.###.
...#.#.#...#.....##.#...
.........................
......#.....#.###.##.....
...#..#####.#.# #.####.##
###.. #.#.# #.# #.# #..
#.###.#.# #.####.## #.
#.....#.###.......#


You could see a hound.

Vanquished Creatures
  A gnoll (D:1)
  5 dart slugs (D:1)
  A bat (D:1)
  4 endoplasms
  3 goblins (D:1)
  3 hobgoblins
  3 jackals (D:1)
  A quokka (D:1)
  2 kobolds
  5 rats (D:1)
28 creatures vanquished.

Notes
Turn   | Place    | Note
-------+----------+-------------------------------------------
     0 | D:1      | mopl the Vine Stalker Brigand began the quest for the Orb.
     0 | D:1      | Reached XP level 1. HP: 11/11 MP: 2/2
    66 | D:1      | Reached skill level 2 in Fighting
    66 | D:1      | Reached skill level 2 in Short Blades
    66 | D:1      | Reached skill level 2 in Throwing
    66 | D:1      | Reached skill level 5 in Stealth
    66 | D:1      | Reached XP level 2. HP: 10/15 MP: 1/3
   450 | D:1      | Reached XP level 3. HP: 18/18 MP: 4/4
   457 | D:1      | Learned a level 2 spell: Blink
   926 | D:2      | You fall into a shaft and drop 2 floors!
   992 | D:4      | Slain by a hound

Illustrated notes

Levels and vault maps discovered:
D:1:      dpeg_arrival_arbitrary_c, layout_basic
D:2:      layout_loops_ring, grunt_ministairs_11
D:4:      layout_basic, vehumet_crystals, old_standard_altar,
          roderic_serpentine_path, minmay_fractal_squares_diagonal_5

Skill      XL: |  1 |
---------------+----+-----
Fighting       | 2 |  2.2
Short Blades   | 2 |  2.2
Throwing       | 2 |  2.3
Stealth        | 5 |  5.2
Dodging        | |  0.7
Spellcasting   | |  0.3
Translocations | |  0.4

Action                     || total
---------------------------++-------
  Melee: Dagger            ||    93
         Bite              ||    20
   Stab: Sleeping          ||     7
 Armour: Robe              ||    16
  Dodge: Dodged            ||    45

Table legend: (Time is in decaauts)
 A = Elapsed time spent in this place.
 B = Non-inter-level travel time spent in this place.
 C = Inter-level travel time spent in this place.
 D = Time resting spent in this place.
 E = Time spent auto-exploring this place.
 F = Levels seen in this place.
 G = Mean time per level.
                   A        B        C        D        E       F      G
               +--------+--------+--------+--------+--------+-----+--------+
         Total |    980 |    965 |     15 |     53 |    674 |   3 |  326.7 |
       Dungeon |    980 |    965 |     15 |     53 |    674 |   3 |  326.7 |
               +--------+--------+--------+--------+--------+-----+--------+

Top non-repeatable levels by time:
     D:1: 755 daAuts
     D:2: 160 daAuts
     D:4: 64 daAuts
